Map: Frozen Temple

Players

thedudeman

  • Race: Protoss Protoss
  • League: Silver

ChewBox - Winner!

  • Race: Terran Terran
  • League: Silver

VOD

https://youtu.be/l3wgi_pFJJk

Description

Val from www.chewbox.com takes on yet another amazing opponent in an online match!

Time

  • Played on: May 9, 2016, 11:37 p.m.
  • Length: 28:25
Show
View Real Time Build Order
Export as new Build Order

thedudeman Protoss 

Build Orders:  

Get SALT Encoding   

  12  0:02  Probe (Chrono Boost)  
  13  0:13  Probe (Chrono Boost)  
  14  0:21  Pylon  
  14  0:23  Probe (Chrono Boost)  
  15  0:39  Probe (Chrono Boost)  
  16  0:42  Gateway  
  16  0:49  Probe (Chrono Boost)  
  17  1:12  Probe (Chrono Boost)  
  17  1:14  Assimilator  
  18  1:22  Probe (Chrono Boost), Assimilator  
  19  1:30  Pylon  
  19  1:34  Cybernetics Core  
  19  1:36  Probe (Chrono Boost)  
  21  1:47  Probe (Chrono Boost)  
  21  1:57  Probe (Chrono Boost)  
  22  2:08  Probe (Chrono Boost)  
  23  2:09  Nexus  
  23  2:18  Probe (Chrono Boost)  
  24  2:29  Mothership Core (Chrono Boost)  
  26  2:33  Gateway  
  26  2:45  Warp Gate (Chrono Boost)  
  26  2:48  Probe  
  27  2:54  Robotics Facility  
  27  2:59  Pylon  
  27  3:09  Gateway  
  27  3:18  Forge  
  27  3:19  Probe  
  28  3:30  Adept, Probe  
  31  3:40  Probe  
  32  3:51  Probe  
  33  3:59  Pylon  
  33  4:01  Probe  
  34  4:02  Observer  
  35  4:10  Stalker  
  35  4:12  Probe  
  35  4:14  Stalker  
  40  4:22  Pylon  
  40  4:23  Probe  
  40  4:26  Assimilator  
  40  4:31  Immortal  
  45  4:33  Probe  
  46  4:40  Pylon  
  46  4:44  Probe, Assimilator  
  47  4:54  Probe  
  47  4:59  Gateway  
  48  5:05  Probe  
  48  5:06  Gateway  
  49  5:10  Immortal  
  52  5:15  Probe  
  52  5:18  Adept  
  55  5:23  Stalker  
  55  5:26  Probe  
  58  5:29  Twilight Council  
  58  5:45  Adept  
  58  5:46  Adept  
  58  5:47  Adept  
  64  5:53  Observer (Chrono Boost)  
  65  5:59  Protoss Ground Weapons Level 1  
  65  6:01  Probe  
  66  6:10  Photon Cannon  
  66  6:12  Probe, Photon Cannon, Warp Prism (Chrono Boost)  
  69  6:21  Stalker x2  
  69  6:22  Probe, Stalker x2  
  78  6:28  Resonating Glaives  
  78  6:51  Pylon  
  78  6:55  Pylon  
  78  6:57  Pylon  
  78  6:59  Pylon  
  78  7:07  Probe  
  78  7:09  Immortal (Chrono Boost)  
  82  7:18  Probe  
  82  7:19  Adept x3  
  82  7:20  Adept x2  
  92  7:43  Observer (Chrono Boost)  
  93  7:56  Robotics Facility  
  93  8:02  Immortal (Chrono Boost)  
  97  8:29  Protoss Ground Armor Level 1  
  97  8:36  Immortal (Chrono Boost)  
  101  9:02  Charge  
  105  9:06  Immortal (Chrono Boost)  
  105  9:10  Observer (Chrono Boost)  
  106  9:29  Observer (Chrono Boost)  
  89  9:48  Immortal (Chrono Boost)  
  60  10:05  Adept  
  60  10:06  Adept x2  
  66  10:07  Adept x2  
  71  10:15  Observer (Chrono Boost)  
  75  10:22  Immortal (Chrono Boost)  
  75  10:33  Photon Cannon  
  76  10:36  Observer (Chrono Boost)  
  70  10:58  Observer (Chrono Boost)  
  70  11:06  Immortal (Chrono Boost)  
  70  11:08  Adept x2  
  70  11:09  Adept x2  
  70  11:10  Adept  
  84  11:27  Stargate  
  84  11:33  Stargate  
  84  11:38  Pylon  
  84  11:39  Protoss Ground Armor Level 2  
  88  11:40  Immortal (Chrono Boost)  
  88  11:41  Immortal (Chrono Boost)  
  92  11:53  Pylon  
  92  11:56  Stalker  
  92  11:57  Stalker  
  92  11:58  Stalker  
  92  11:59  Stalker x2  
  102  12:02  Nexus  
  101  12:11  Pylon  
  101  12:14  Pylon  
  95  12:16  Mothership Core  
  93  12:25  Void Ray  
  93  12:26  Void Ray  
  101  12:59  Photon Cannon  
  101  13:01  Photon Cannon  
  101  13:05  Photon Cannon  
  101  13:07  Void Ray  
  101  13:09  Void Ray  
  109  13:33  Pylon  
  109  13:41  Probe  
  110  13:50  Void Ray  
  110  13:52  Probe, Void Ray  
  110  13:53  Pylon  
  119  13:57  Probe  
  120  14:08  Probe  
  121  14:19  Probe  
  122  14:25  Dark Shrine  
  122  14:33  Void Ray  
  122  14:35  Void Ray  
  130  14:39  Protoss Shields Level 1  
  130  14:51  Assimilator  
  130  15:03  Assimilator  
  130  15:16  Void Ray  
  130  15:17  Void Ray  
  138  15:23  Nexus  
  138  15:28  Pylon  
  138  15:32  Pylon  
  110  16:01  Dark Templar, Nexus  
  110  16:02  Dark Templar x2  
  116  16:04  Dark Templar  
  118  16:19  Protoss Air Weapons Level 1  
  118  16:37  Photon Cannon  
  118  16:41  Photon Cannon  
  112  17:32  Protoss Ground Weapons Level 2  
  110  17:37  Void Ray  
  110  17:38  Void Ray  
  118  17:44  Assimilator  
  118  17:46  Assimilator  
  118  17:49  Photon Cannon  
  118  17:53  Pylon  
  118  17:59  Pylon  
  118  18:20  Probe, Void Ray  
  118  18:21  Void Ray  
  127  18:29  Photon Cannon  
  127  18:30  Probe  
  129  18:55  Nexus  
  128  19:10  Void Ray  
  128  19:12  Protoss Air Armor Level 1  
  128  19:13  Void Ray  
  136  19:23  Photon Cannon  
  136  19:26  Photon Cannon  
  136  20:06  Void Ray  
  140  20:08  Void Ray  
  144  20:18  Probe  
  145  20:21  Fleet Beacon  
  145  20:28  Probe  
  146  20:39  Probe  
  147  20:42  Protoss Ground Weapons Level 3  
  147  20:49  Probe  
  148  21:00  Probe  
  149  21:10  Probe  
  150  21:20  Dark Templar  
  150  21:21  Dark Templar x2  
  150  21:22  Dark Templar  
  150  21:25  Probe  
  159  21:35  Probe  
  160  21:45  Tempest  
  160  21:46  Probe  
  165  21:56  Probe  
  166  22:23  Protoss Air Weapons Level 2  
  166  22:25  Tempest  
  170  22:48  Tempest  
  174  22:52  Zealot x2  
  174  22:53  Zealot x2  
  174  22:54  Zealot  
  184  23:00  Gateway  
  184  23:01  Gateway  
  184  23:04  Gateway  
  183  24:07  Tempest  
  187  24:18  Stargate  
  109  25:15  Void Ray  
  109  25:16  Void Ray  
  48  25:48  Stalker x2  
  48  25:49  Stalker x3  
  58  25:50  Stalker x2  
  61  25:58  Void Ray  
  63  26:16  Dark Templar  
  49  26:41  Void Ray  
Show
View Real Time Build Order
Export as new Build Order

ChewBox Terran - Winner!

Build Orders:  

Get SALT Encoding   

  12  0:04  SCV  
  13  0:20  Supply Depot  
  13  0:23  SCV  
  13  0:26  Refinery  
  14  0:35  SCV  
  15  0:44  Supply Depot  
  15  1:06  Supply Depot  
  15  1:22  SCV  
  16  1:27  Barracks  
  16  1:33  Engineering Bay  
  16  1:36  SCV  
  17  1:52  SCV  
  18  2:10  Missile Turret  
  18  2:11  Missile Turret  
  19  2:16  Orbital Command  
  19  2:20  Barracks Reactor  
  18  2:40  Factory  
  18  2:58  Refinery  
  18  3:00  Marine x2  
  20  3:10  SCV  
  21  3:14  Factory  
  21  3:18  Marine x2  
  23  3:24  Factory Reactor  
  23  3:27  SCV  
  24  3:35  Marine x2  
  26  3:48  SCV  
  27  3:52  Missile Turret  
  27  3:53  Marine x2  
  29  3:58  Armory  
  29  4:01  Factory Tech Lab  
  29  4:05  SCV  
  29  4:09  Hellion  
  32  4:11  Marine x2  
  32  4:12  Hellion  
  36  4:29  Marine x2, Sensor Tower  
  38  4:40  SCV  
  38  4:44  Hi-Sec Auto Tracking  
  39  4:56  Supply Depot  
  39  5:17  Missile Turret, Widow Mine x2  
  39  5:18  Marine x2, SCV  
  46  5:40  Missile Turret  
  34  5:46  Widow Mine x2  
  34  5:47  Terran Ship Weapons Level 1  
  38  6:03  Siege Tank  
  41  6:07  Command Center  
  41  6:12  Drilling Claws  
  41  6:15  Widow Mine  
  57  6:40  Building Armor  
  41  6:42  Missile Turret  
  41  6:46  Widow Mine  
  41  6:47  Widow Mine  
  45  7:03  Missile Turret  
  45  7:07  Missile Turret  
  45  7:15  Widow Mine  
  45  7:19  Siege Tank  
  50  7:27  Orbital Command  
  50  7:34  Widow Mine  
  52  7:42  Starport  
  52  7:44  Widow Mine  
  54  8:05  SCV x2  
  56  8:08  Missile Turret  
  56  8:17  SCV x2  
  58  8:22  Widow Mine x2  
  58  8:24  Starport Tech Lab  
  62  8:32  Starport  
  62  8:37  Missile Turret  
  62  8:49  Missile Turret  
  62  8:58  Supply Depot  
  62  9:00  Supply Depot x2  
  62  9:01  Missile Turret  
  62  9:02  Liberator  
  62  9:13  Missile Turret  
  62  9:19  SCV  
  62  9:21  Supply Depot  
  66  9:29  Siege Tank  
  66  9:30  Starport Tech Lab  
  66  9:31  Widow Mine x2  
  69  9:35  Missile Turret  
  73  9:43  Supply Depot  
  67  9:59  Widow Mine  
  69  10:20  Banshee x2  
  75  10:28  Refinery  
  75  10:30  Refinery  
  65  11:03  Banshee  
  68  11:05  Banshee  
  68  11:06  Cloaking Field  
  71  11:16  SCV  
  71  11:17  SCV  
  73  11:28  SCV  
  73  11:29  SCV  
  75  11:37  Missile Turret  
  75  11:40  Command Center  
  75  11:41  SCV x2  
  75  11:46  Banshee  
  80  11:53  SCV  
  81  11:57  Missile Turret, Starport  
  81  12:00  Banshee  
  81  12:01  Command Center  
  84  12:18  Missile Turret  
  84  12:28  Banshee  
  87  12:39  Viking x2  
  87  12:43  Banshee  
  91  12:52  Widow Mine x2  
  95  13:06  Orbital Command  
  95  13:07  SCV x2  
  95  13:09  Viking x2  
  95  13:11  Banshee  
  104  13:19  SCV  
  105  13:20  Widow Mine  
  105  13:26  Banshee  
  107  13:39  Viking x2  
  111  13:42  Terran Ship Weapons Level 2  
  111  13:49  SCV  
  111  13:54  Viking  
  111  13:55  SCV x2  
  116  13:59  Missile Turret  
  116  14:01  SCV  
  117  14:09  Viking  
  117  14:13  Missile Turret  
  117  14:15  Missile Turret, Orbital Command  
  111  14:30  Refinery  
  111  14:31  Refinery  
  111  14:35  Missile Turret  
  111  14:36  Missile Turret  
  111  14:39  Missile Turret  
  111  14:57  Missile Turret  
  111  15:03  Fusion Core  
  111  15:06  SCV  
  112  15:13  Widow Mine x2  
  116  15:17  Supply Depot  
  116  15:18  SCV  
  116  15:20  Missile Turret  
  117  15:30  SCV  
  118  15:40  Supply Depot  
  118  15:41  Widow Mine  
  118  15:42  SCV, Widow Mine  
  101  15:50  Viking  
  101  15:51  Viking x3  
  101  15:54  SCV  
  110  15:58  Hyperflight Rotors  
  110  15:59  Terran Vehicle And Ship Armor Level 1  
  110  16:02  Supply Depot  
  110  16:10  Widow Mine  
  112  16:13  Starport  
  112  16:20  Missile Turret, Viking x2  
  112  16:21  Viking x2  
  120  16:26  Supply Depot  
  120  16:35  Refinery  
  120  16:37  Refinery  
  120  16:40  Missile Turret, Sensor Tower  
  120  16:45  Sensor Tower  
  120  16:50  Viking x2  
  120  16:52  SCV x3  
  120  16:53  SCV  
  128  17:00  Missile Turret  
  128  17:04  SCV x3  
  128  17:05  Missile Turret  
  128  17:06  Missile Turret  
  127  17:11  Missile Turret x3  
  127  17:13  Missile Turret  
  127  17:14  Missile Turret  
  125  17:26  Missile Turret  
  125  17:39  Starport Reactor  
  125  17:41  Viking x4  
  133  17:51  Missile Turret  
  133  17:56  Hellion x2  
  137  18:09  Refinery  
  137  18:11  Viking x2  
  141  18:17  Hellion  
  141  18:18  Missile Turret, Hellion  
  145  18:39  Hellion x2  
  145  18:40  Banshee x2  
  145  18:41  Missile Turret  
  146  19:00  Missile Turret, Hellion x2  
  150  19:21  Supply Depot  
  150  19:22  Hellion x2  
  150  19:23  Banshee x2  
  160  19:43  Supply Depot, Hellion x2  
  161  19:55  Command Center  
  161  20:04  Hellion  
  161  20:05  Hellion  
  161  20:06  Banshee, Supply Depot  
  168  20:22  Battlecruiser  
  174  20:31  Supply Depot  
  174  20:49  Battlecruiser  
  174  21:09  Viking x2  
  174  21:10  Viking x2  
  160  21:27  Battlecruiser  
  166  21:39  Viking x2  
  170  21:40  Viking x2  
  174  21:53  Banshee  
  177  22:09  Viking  
  179  22:17  Viking x3  
  185  22:30  Banshee  
  185  22:35  Banshee  
  191  22:39  Viking  
  191  22:44  Terran Ship Weapons Level 3  
  193  22:47  Viking  
  195  23:08  Missile Turret  
  195  23:13  Banshee  
  194  23:56  Banshee  
  194  23:57  Widow Mine  
  193  24:39  Banshee  
  182  24:52  Banshee  
  171  24:53  Viking x4  
  157  25:12  Widow Mine x2  
  159  25:22  Banshee  
  159  25:23  Viking x4  
  168  25:35  Banshee  
  160  25:40  Widow Mine  
  160  25:41  Widow Mine  
  163  25:53  Viking x2  
  167  26:04  Banshee  
  167  26:06  Planetary Fortress  
  167  26:09  Widow Mine x2  
  174  26:18  Banshee  
  171  26:37  Widow Mine  
  171  26:38  Widow Mine  
  171  26:47  Banshee  
  171  27:00  Banshee  
  171  27:06  Missile Turret  
  171  27:08  Missile Turret  
  171  27:11  Missile Turret x2  
  171  27:13  Missile Turret x2  
  171  27:18  Refinery  
  171  27:19  Refinery  
  171  27:30  Missile Turret  
Tags
 
Add a new tag
Caveats
  • Supply blocks, unpowered buildings, or Contaminate may cause inaccurate times.
  • Supply counts are checked every 10 seconds.